IL
SYRACUSE CHIEFS @ COLORADO SPRINGS SKY SOX
09/05/2048
 
TOP OF THE 1ST
Syracuse Chiefs batting - Pitching for Colorado Springs Sky Sox : LHP Cooper Bate
Pitching: LHP Cooper Bate
Batting: RHB Nate Dickinson 0-0: Ball
1-0: Ball
2-0: Ball
3-0: Called Strike
3-1: Base on Balls
Batting: RHB Jim Miske 0-0: Called Strike
0-1: Fly out, F8 (Flyball, 8RD, EV 104.4 MPH)
Batting: RHB Kevin Whitenack 0-0: Foul Ball, location: 2F
0-1: Ball
1-1: Foul Ball, location: 2F
1-2: Fielders Choice at 2nd, 1-4 (Groundball, 25, EV 75.0 MPH)
Batting: RHB Mike Buchanan 0-0: Ball
1-0: Fielders Choice at 2nd, 6-4 (Groundball, 6, EV 107.5 MPH)
Top of the 1st over - 0 runs, 0 hits, 0 errors, 1 left on base; Syracuse 0 - Colorado Springs 0
BOTTOM OF THE 1ST
Colorado Springs Sky Sox batting - Pitching for Syracuse Chiefs : RHP Travis Hardin
Pitching: RHP Travis Hardin
Batting: LHB Steve Gilliam 0-0: Ball
1-0: Ground out 2-3 (Groundball, 13S, EV 76.2 MPH)
Batting: RHB Juan Figueroa 0-0: Ball
1-0: Called Strike
1-1: Called Strike
1-2: Strikes out swinging
Batting: RHB Maurice Moore 0-0: Ball
1-0: Ground out 5-3 (Groundball, 56, EV 85.0 MPH)
Bottom of the 1st over - 0 runs, 0 hits, 0 errors, 0 left on base; Syracuse 0 - Colorado Springs 0
TOP OF THE 2ND
Syracuse Chiefs batting - Pitching for Colorado Springs Sky Sox : LHP Cooper Bate
Batting: LHB Alexis Cantu 0-0: Ball
1-0: Ball
2-0: Ball
3-0: Called Strike
3-1: Fly out, F7 (Line Drive, 7, EV 89.4 MPH)
Batting: LHB Jae-ik Soung 0-0: Ball
1-0: Called Strike
1-1: Called Strike
1-2: Ball
2-2: SINGLE (Groundball, 6D, EV 102.5 MPH)
Batting: LHB Dillon Gonzalez 0-0: Called Strike
0-1: Called Strike
0-2: Fielders Choice at 2nd, 6-4 (Groundball, 56, EV 85.6 MPH)
Batting: LHB Tom Reynolds 0-0: Ball
1-0: Called Strike
1-1: Called Strike
1-2: Strikes out looking
Top of the 2nd over - 0 runs, 1 hit, 0 errors, 1 left on base; Syracuse 0 - Colorado Springs 0
BOTTOM OF THE 2ND
Colorado Springs Sky Sox batting - Pitching for Syracuse Chiefs : RHP Travis Hardin
Batting: LHB Michael Krott 0-0: Ball
1-0: Ball
2-0: Swinging Strike
2-1: Ball
3-1: SINGLE (Flyball, 8RS, EV 93.8 MPH)
Batting: RHB Mike McElroy 0-0: Called Strike
Michael Krott steals 2nd, throwing error, E2
Michael Krott to third
0-1: Called Strike
0-2: Foul Ball, location: 2F
0-2: Ball
1-2: Foul Ball, location: 2F
1-2: Foul Ball, location: 2F
1-2: Ball
2-2: Ball
3-2: Strikes out looking
Batting: LHB Luke Coulter 0-0: Ball
1-0: Foul Ball, location: 2F
1-1: Foul Ball, location: 2F
1-2: Fly out, F9 (Flyball, 89S, EV 96.9 MPH)
Batting: RHB John Stevenson 0-0: Swinging Strike
0-1: Ball
1-1: Ball
2-1: Ball
3-1: Called Strike
3-2: Fly out, F9 (Flyball, 9LMF, EV 85.6 MPH)
Bottom of the 2nd over - 0 runs, 1 hit, 1 error, 1 left on base; Syracuse 0 - Colorado Springs 0
TOP OF THE 3RD
Syracuse Chiefs batting - Pitching for Colorado Springs Sky Sox : LHP Cooper Bate
Batting: RHB Paul Shell 0-0: Ground out 6-3 (Groundball, 56, EV 87.5 MPH)
Batting: RHB Nate Dickinson 0-0: Ball
1-0: Ball
2-0: Foul Ball, location: 2F
2-1: Ball
3-1: Swinging Strike
3-2: Strikes out swinging
Batting: RHB Jim Miske 0-0: Called Strike
0-1: Foul Ball, location: 2F
0-2: Ball
1-2: Ball
2-2: Ball
3-2: Base on Balls
Batting: RHB Kevin Whitenack 0-0: Ball
1-0: Foul Ball, location: 2F
1-1: Ball
2-1: Ball
3-1: Base on Balls
Jim Miske to second
Batting: RHB Mike Buchanan 0-0: Foul Ball, location: 2F
0-1: Ball
1-1: Swinging Strike
1-2: Ball
2-2: Strikes out swinging
Top of the 3rd over - 0 runs, 0 hits, 0 errors, 2 left on base; Syracuse 0 - Colorado Springs 0
BOTTOM OF THE 3RD
Colorado Springs Sky Sox batting - Pitching for Syracuse Chiefs : RHP Travis Hardin
Batting: LHB Iehohs Inatho 0-0: Called Strike
0-1: Hit by Pitch
Batting: SHB Jamie Mims 0-0: Ball
1-0: Foul Ball, location: 2F
1-1: Ball
2-1: Fielders Choice at 2nd, 5-4 (Groundball, 5, EV 88.1 MPH)
Batting: LHB Steve Gilliam 0-0: Ball
1-0: Ball
2-0: Called Strike
Jamie Mims steals 2nd base
2-1: Foul Ball, location: 2F
2-2: Foul Ball, location: 2F
2-2: Ball
3-2: Foul Ball, location: 2F
3-2: Foul Ball, location: 2F
3-2: Ground out 6-3 (Groundball, 6, EV 103.1 MPH)
Batting: RHB Juan Figueroa 0-0: Ball
1-0: Foul Ball, location: 2F
1-1: Ball
2-1: Ball
3-1: Fly out, F9 (Flyball, 9, EV 93.8 MPH)
Bottom of the 3rd over - 0 runs, 0 hits, 0 errors, 1 left on base; Syracuse 0 - Colorado Springs 0
TOP OF THE 4TH
Syracuse Chiefs batting - Pitching for Colorado Springs Sky Sox : LHP Cooper Bate
Batting: LHB Alexis Cantu 0-0: Ball
1-0: Ball
2-0: Called Strike
2-1: Ground out 6-3 (Groundball, 6, EV 87.5 MPH)
Batting: LHB Jae-ik Soung 0-0: Foul Ball, location: 2F
0-1: Ball
1-1: Ball
2-1: Ground out 5-3 (Groundball, 5, EV 93.8 MPH)
Batting: LHB Dillon Gonzalez 0-0: Ball
1-0: Ball
2-0: Called Strike
2-1: Ball
3-1: Base on Balls
Batting: LHB Tom Reynolds 0-0: Ball
Dillon Gonzalez steals 2nd base
1-0: Called Strike
1-1: Ball
2-1: Foul Ball, location: 2F
2-2: Foul Ball, location: 2F
2-2: Strikes out swinging
Top of the 4th over - 0 runs, 0 hits, 0 errors, 1 left on base; Syracuse 0 - Colorado Springs 0
BOTTOM OF THE 4TH
Colorado Springs Sky Sox batting - Pitching for Syracuse Chiefs : RHP Travis Hardin
Batting: RHB Maurice Moore 0-0: Ball
1-0: Ball
2-0: Ball
3-0: Called Strike
3-1: Called Strike
3-2: Base on Balls
Batting: LHB Michael Krott 0-0: Swinging Strike
0-1: Ball
1-1: Called Strike
1-2: Strikes out swinging
Batting: RHB Mike McElroy 0-0: Ball
1-0: Ball
2-0: Ball
3-0: Called Strike
3-1: Swinging Strike
3-2: Base on Balls
Maurice Moore to second
Batting: LHB Luke Coulter 0-0: Called Strike
0-1: Fielders Choice at 2nd, 3-6 (Groundball, 34S, EV 88.8 MPH)
Maurice Moore to third
Batting: RHB John Stevenson 0-0: Called Strike
0-1: Fly out, F8 (Flyball, 89D, EV 96.2 MPH)
Bottom of the 4th over - 0 runs, 0 hits, 0 errors, 2 left on base; Syracuse 0 - Colorado Springs 0
TOP OF THE 5TH
Syracuse Chiefs batting - Pitching for Colorado Springs Sky Sox : LHP Cooper Bate
Batting: RHB Paul Shell 0-0: Called Strike
0-1: Ball
1-1: Ball
2-1: SINGLE (Groundball, 56D, EV 94.4 MPH)
Batting: RHB Nate Dickinson 0-0: Ball
1-0: Called Strike
Paul Shell is caught stealing 2nd base 2-4
1-1: Ball
2-1: Ball
3-1: Foul Ball, location: 2F
3-2: Fly out, F9 (Flyball, 9LM, EV 102.5 MPH)
Batting: RHB Jim Miske 0-0: Ball
1-0: Called Strike
1-1: Swinging Strike
1-2: Ball
2-2: Ground out 5-3 (Groundball, 56S, EV 91.2 MPH)
Top of the 5th over - 0 runs, 1 hit, 0 errors, 0 left on base; Syracuse 0 - Colorado Springs 0
BOTTOM OF THE 5TH
Colorado Springs Sky Sox batting - Pitching for Syracuse Chiefs : RHP Travis Hardin
Batting: LHB Iehohs Inatho 0-0: Called Strike
0-1: Ball
1-1: SINGLE (Groundball, 56D, EV 96.2 MPH)
Batting: SHB Jamie Mims 0-0: Fly out, F8 (Flyball, 8RXD, EV 98.1 MPH)
Batting: LHB Steve Gilliam 0-0: Called Strike
0-1: Called Strike
Iehohs Inatho steals 2nd base
0-2: Foul Ball, location: 2F
0-2: Ball
1-2: Ball
2-2: Fly out, F7 (Flyball, 7LS, EV 95.0 MPH)
Batting: RHB Juan Figueroa 0-0: Reached on error, E8 (Flyball, 8RD, EV 86.9 MPH)
Iehohs Inatho scores
Batting: RHB Maurice Moore 0-0: Ground out 6-3 (Groundball, 6, EV 106.9 MPH)
Bottom of the 5th over - 1 run, 1 hit, 1 error, 1 left on base; Syracuse 0 - Colorado Springs 1
TOP OF THE 6TH
Syracuse Chiefs batting - Pitching for Colorado Springs Sky Sox : LHP Cooper Bate
Batting: RHB Kevin Whitenack 0-0: Ground out 6-3 (Groundball, 6, EV 79.4 MPH)
Batting: RHB Mike Buchanan 0-0: Ball
1-0: Swinging Strike
1-1: Fly out, F9 (Flyball, 89D, EV 77.5 MPH)
Batting: LHB Alexis Cantu 0-0: Foul Ball, location: 2F
0-1: Ball
1-1: Swinging Strike
1-2: DOUBLE (Line Drive, 78D, EV 103.1 MPH)
Batting: LHB Jae-ik Soung 0-0: Ball
1-0: Ball
2-0: Ball
3-0: SINGLE (Line Drive, 56D, EV 108.1 MPH)
Alexis Cantu to third
Runner from 3rd tries for Home, throw by LF and OUT! 7-2
Top of the 6th over - 0 runs, 2 hits, 0 errors, 1 left on base; Syracuse 0 - Colorado Springs 1
BOTTOM OF THE 6TH
Colorado Springs Sky Sox batting - Pitching for Syracuse Chiefs : RHP Travis Hardin
Batting: LHB Michael Krott 0-0: Foul Ball, location: 2F
0-1: Swinging Strike
0-2: Ball
1-2: Strikes out swinging
Batting: RHB Mike McElroy 0-0: Ball
1-0: Ball
2-0: Called Strike
2-1: Ball
3-1: Foul Ball, location: 2F
3-2: Base on Balls
Batting: LHB Luke Coulter 0-0: SINGLE (Groundball, 4MD, EV 100.6 MPH)
Mike McElroy to second
Pitching: LHP Jose Torres
Batting: RHB John Stevenson 0-0: Ball
1-0: Swinging Strike
1-1: Swinging Strike
1-2: Foul Ball, location: 2F
1-2: Strikes out swinging
Batting: LHB Iehohs Inatho 0-0: Ball
1-0: Foul Ball, location: 2F
1-1: Foul Ball, location: 2F
1-2: Foul Ball, location: 2F
1-2: Ball
2-2: Ball
3-2: Base on Balls
Mike McElroy to third
Luke Coulter to second
Batting: SHB Jamie Mims 0-0: Hit by Pitch
Mike McElroy scores
Luke Coulter to third
Iehohs Inatho to second
Batting: LHB Steve Gilliam 0-0: Swinging Strike
0-1: Ball
1-1: Swinging Strike
1-2: Ground out 4-3 (Groundball, 4, EV 85.6 MPH)
Bottom of the 6th over - 1 run, 1 hit, 0 errors, 3 left on base; Syracuse 0 - Colorado Springs 2
TOP OF THE 7TH
Syracuse Chiefs batting - Pitching for Colorado Springs Sky Sox : LHP Cooper Bate
Batting: LHB Dillon Gonzalez 0-0: Ball
1-0: Called Strike
1-1: Ball
2-1: Swinging Strike
2-2: Fly out, F7 (Flyball, 7, EV 95.0 MPH)
Batting: LHB Tom Reynolds 0-0: Called Strike
0-1: Ball
1-1: Ground out 4-3 (Groundball, 4, EV 103.1 MPH)
Batting: RHB Paul Shell 0-0: Called Strike
0-1: TRIPLE (Line Drive, 89XD, EV 108.8 MPH)
Batting: RHB Nate Dickinson 0-0: Ball
1-0: Called Strike
1-1: Ball
2-1: Ball
3-1: Called Strike
3-2: Strikes out swinging
Top of the 7th over - 0 runs, 1 hit, 0 errors, 1 left on base; Syracuse 0 - Colorado Springs 2
BOTTOM OF THE 7TH
Colorado Springs Sky Sox batting - Pitching for Syracuse Chiefs : LHP Jose Torres
Pitching: RHP Chris Wood
Batting: RHB Juan Figueroa 0-0: Foul Ball, location: 2F
0-1: Ball
1-1: Ground out U3 (Groundball, 3S, EV 82.5 MPH)
Batting: RHB Maurice Moore 0-0: Ground out 6-3 (Groundball, 6, EV 109.4 MPH)
Batting: LHB Michael Krott 0-0: Ball
1-0: Ball
2-0: Ball
3-0: Called Strike
3-1: Base on Balls
Batting: RHB Mike McElroy 0-0: Called Strike
0-1: Foul Ball, location: 2F
0-2: Ball
1-2: Strikes out swinging
Bottom of the 7th over - 0 runs, 0 hits, 0 errors, 1 left on base; Syracuse 0 - Colorado Springs 2
TOP OF THE 8TH
Syracuse Chiefs batting - Pitching for Colorado Springs Sky Sox : LHP Cooper Bate
Pitching: RHP Davon Ware
Batting: RHB Jim Miske 0-0: Ground out 4-3 (Groundball, 4, EV 83.8 MPH)
Batting: RHB Kevin Whitenack 0-0: Ball
1-0: Ball
2-0: Ball
3-0: Base on Balls
Batting: RHB Mike Buchanan 0-0: Ball
Wild Pitch!
Kevin Whitenack to second
1-0: Called Strike
1-1: Ground out 6-3 (Groundball, 6, EV 91.9 MPH)
Kevin Whitenack to third
Batting: LHB Alexis Cantu 0-0: Foul Ball, location: 2F
0-1: Ball
1-1: Called Strike
1-2: Foul Ball, location: 2F
1-2: Ball
2-2: Foul Ball, location: 2F
2-2: SINGLE (Groundball, 34D, EV 96.9 MPH)
Kevin Whitenack scores
Batting: LHB Jae-ik Soung 0-0: Swinging Strike
0-1: Called Strike
0-2: Foul Ball, location: 2F
0-2: Ball
1-2: Ball
2-2: Foul Ball, location: 2F
2-2: Strikes out looking
Top of the 8th over - 1 run, 1 hit, 0 errors, 1 left on base; Syracuse 1 - Colorado Springs 2
BOTTOM OF THE 8TH
Colorado Springs Sky Sox batting - Pitching for Syracuse Chiefs : RHP Chris Wood
Pitching: LHP Rafael Silva
Batting: RHB Doug D'Onofrio 0-0: Ball
1-0: Ball
2-0: Ball
3-0: Base on Balls
Batting: RHB John Stevenson 0-0: Bunt - Flyout to 15! F1
Batting: LHB Iehohs Inatho 0-0: Foul Ball, location: 2F
0-1: Foul Ball, location: 2F
0-2: Ball
1-2: Foul Ball, location: 2F
1-2: Foul Ball, location: 2F
1-2: Foul Ball, location: 2F
1-2: Strikes out swinging
Batting: SHB Jamie Mims 0-0: Called Strike
0-1: Fly out, F9 (Flyball, 89S, EV 81.9 MPH)
Bottom of the 8th over - 0 runs, 0 hits, 0 errors, 1 left on base; Syracuse 1 - Colorado Springs 2
TOP OF THE 9TH
Syracuse Chiefs batting - Pitching for Colorado Springs Sky Sox : RHP Davon Ware
Pitching: RHP Jim Butler
Batting: LHB Dillon Gonzalez 0-0: Ball
1-0: Swinging Strike
1-1: Ground out 6-3 (Groundball, 56, EV 107.5 MPH)
Batting: LHB Tom Reynolds 0-0: Ball
1-0: Ball
2-0: Fly out, F7 (Flyball, 7LM, EV 93.1 MPH)
Pinch Hitting: LHB Doug Anderson 0-0: Ball
1-0: Ball
2-0: Called Strike
2-1: Called Strike
2-2: Strikes out swinging
Top of the 9th over - 0 runs, 0 hits, 0 errors, 0 left on base; Syracuse 1 - Colorado Springs 2
Tuesday, March 28th , 2023 - OOTP Baseball 23.10 Build 110